 Dungeon Crawl Stone Soup version 0.30-a0-1018-g25214051b3 (webtiles) character file.

Game seed: 9070383558795976560

6 Anon1729 the Magician (level 1, -1/9 HPs)
             Began as a Spriggan Transmuter on Apr 7, 2023.
             Slain by a jackal (2 damage)
             ... on level 1 of the Dungeon.
             The game lasted 00:00:09 (134 turns).

Anon1729 the Magician (Spriggan Transmuter)          Turns: 134, Time: 00:00:09

Health: -1/9       AC:  2    Str:  6    XL:     1   Next: 75%
Magic:  5/5        EV: 17    Int: 14    God:
Gold:   0          SH:  0    Dex: 15    Spells: 4/5 levels left

rFire   . . .      SeeInvis +      - Unarmed
rCold   . . .      Faith    .    (no shield)
rNeg    . . .      Spirit   .    a - +0 robe
rPois   .          Reflect  .    (helmet restricted)
rElec   .          Rampage  .    (no cloak)
rCorr   .                        (gloves unavailable)
Will    .....                    (boots unavailable)
Stlth   +                        (no amulet)
HPRegen 0.21/turn                (no ring)
MPRegen 0.09/turn                (no ring)

@: very quick
A: very small, no large weapons, unfitting armour, see invisible, speed 3
a: no special abilities


You were on level 1 of the Dungeon.
You visited 1 branch of the dungeon, and saw 1 of its levels.

Inventory:

Armour
 a - a +0 robe (worn)
Jewellery
 c - a ring of resist corrosion
Scrolls
 d - a scroll of identify {unknown}
Potions
 b - a potion of lignification


   Skills:
 + Level 0.9 Fighting
 + Level 2.8 Dodging
 + Level 2.5 Unarmed Combat
 + Level 2.8 Spellcasting
 + Level 2.8 Transmutations


You had 4 spell levels left.
You knew the following spells:

 Your Spells              Type           Power      Damage    Failure   Level
a - Beastly Appendage     Tmut           20%        N/A       7%          1

Your spell library contained the following spells:

 Spells                   Type           Power      Damage    Failure   Level
 Wereblood                Tmut           10%        N/A       10%         2
 Spider Form              Tmut/Pois      6%         N/A       36%         3
 Hailstorm                Conj/Ice       1%         3d3       54%         3
 Ice Form                 Ice/Tmut       6%         N/A       77%         4
 Simulacrum               Ice/Necr       0%         N/A       100%        6


Dungeon Overview and Level Annotations

Branches:
Dungeon (1/15)

Altars:


Innate Abilities, Weirdness & Mutations

You are very small and have problems with some larger weapons.
You are too small for most types of armour.
You have supernaturally acute eyesight. (SInv)
You cover ground extremely quickly. (Speed+++)


Message History

The bat completely misses you. The jackal barely misses you.
The jackal bites you but does no damage.
You hit the jackal but do no damage. The bat hits you but does no damage.
The jackal misses you. The jackal bites you.
The goblin hits you but does no damage. The jackal misses you.
The jackal bites you.
You are too injured to fight recklessly!
You are too injured to fight recklessly!
You are too injured to fight recklessly!
You are too injured to fight recklessly!
There are monsters nearby!
There are monsters nearby!
The jackal closely misses you. The jackal barely misses you.
You closely miss the bat. The bat misses you. The jackal misses you.
The bat hits you but does no damage. The jackal misses you.
The jackal closely misses you.
You hit the bat.
The bat is severely wounded.
The bat misses you. The bat closely misses you. The jackal bites you.
The jackal misses you. The bat completely misses you.
The jackal barely misses you. The jackal misses you. x2
You barely miss the bat.
The bat is severely wounded.
The bat hits you but does no damage. x2
The jackal bites you but does no damage.
The jackal barely misses you. The jackal closely misses you.
The jackal misses you.
You hit the bat.
You kill the bat!
The jackal closely misses you. x2; The jackal completely misses you.
The jackal bites you.
* * * LOW HITPOINT WARNING * * *
You barely miss the jackal. The jackal closely misses you.
The jackal completely misses you.
The jackal bites you but does no damage.
The jackal completely misses you.
You closely miss the jackal. The jackal misses you.
The jackal bites you but does no damage.
The jackal misses you. The jackal completely misses you. The jackal bites you.
You die...

..### ..... ..### . #.
....############## #.
......gh@h.......# #####.
.......hh#######.###.....
.........# #..##.....
.........# ##.##.....
.........# #..#.....
###......#########'#..(..
#......................
#....##.............^..
#................


You could see 4 jackals and a goblin.

Vanquished Creatures
  2 bats (D:1)
  An endoplasm (D:1)
  2 giant cockroaches (D:1)
5 creatures vanquished.

Notes
Turn   | Place    | Note
-------+----------+-------------------------------------------
     0 | D:1      | Anon1729 the Spriggan Transmuter began the quest for the
                  | Orb.
     0 | D:1      | Reached XP level 1. HP: 9/9 MP: 5/5
   134 | D:1      | Slain by a jackal

Illustrated notes

Levels and vault maps discovered:
D:1:      dpeg_arrival_simpleton_a, layout_basic, chequers_serial_rivers_small_3

Action                     || total
---------------------------++-------
  Melee: Unarmed           ||    21
         Kick              ||     2
   Cast: Beastly Appendage ||     2
 Armour: Robe              ||    12
  Dodge: Dodged            ||    48

Table legend: (Time is in decaauts)
 A = Elapsed time spent in this place.
 B = Non-inter-level travel time spent in this place.
 C = Inter-level travel time spent in this place.
 D = Time resting spent in this place.
 E = Time spent auto-exploring this place.
 F = Levels seen in this place.
 G = Mean time per level.
                   A        B        C        D        E       F      G
               +--------+--------+--------+--------+--------+-----+--------+
         Total |     98 |     98 |      0 |      0 |     63 |   1 |   98.0 |
       Dungeon |     98 |     98 |      0 |      0 |     63 |   1 |   98.0 |
               +--------+--------+--------+--------+--------+-----+--------+

Top non-repeatable levels by time:
     D:1: 98 daAuts
